 Dungeon Crawl Stone Soup version 0.31-a0-188-g5e087ee2ca (webtiles) character file.

Game seed: 954657364723833143

52 qw the Shooter (level 3, -2/20 HPs)
             Began as a Deep Elf Hunter on June 23, 2023.
             Slain by Ijyb
             ... wielding a +0 dagger
              (3 damage)
             ... on level 2 of the Dungeon.
             The game lasted 00:00:27 (1258 turns).

qw the Shooter (Deep Elf Hunter)                    Turns: 1258, Time: 00:00:28

Health: -2/20      AC: -3    Str: 10    XL:     3   Next: 60%
Magic:  5/5        EV: 11    Int: 13    God:
Gold:   66         SH:  0    Dex: 18    Spells: 2/2 levels left

rFire   . . .        Y - +0 shortbow
rCold   . . .        (shield currently unavailable)
rNeg    . . .        g - +0 ring mail
rPois   .            (no helmet)
rElec   .            (no cloak)
rCorr   .            (no gloves)
SInv    .            (no boots)
Will    .....        (no amulet)
Stlth   +            (no ring)
HPRegen 0.23/turn    (no ring)
MPRegen 0.09/turn

%: no passive effects
@: about to teleport, corroded
A: no striking features
a: no special abilities


You were on level 2 of the Dungeon.
You visited 1 branch of the dungeon, and saw 3 of its levels.

You collected 66 gold pieces.


   Skills:
 - Level 1.5 Fighting
 + Level 7.1 Ranged Weapons
 - Level 2.4 Dodging
 - Level 1.2 Stealth


You had 2 spell levels left.
You didn't know any spells.
Your spell library was empty.

Inventory:

Hand Weapons
 Y - a +0 shortbow (weapon)
Armour
 g - a +0 ring mail (worn)
Scrolls
 b - a scroll of identify
Potions
 d - a potion of invisibility {unknown}
 e - a potion of brilliance {unknown}
 h - a potion of lignification {unknown}
 i - a potion of attraction {unknown}
 k - a potion of enlightenment {unknown}

Dungeon Overview and Level Annotations

Branches:
Dungeon (3/15)

Altars:

Annotations:
D:2 Ijyb
D:3 Sigmund


Message History

(D) Dungeon
Where to? (* - list waypoints, Enter - D:2, ? - help)
What level of the Dungeon? (default 1, ? - help)
There is a stone staircase leading down here.
You climb downwards.
There is a stone staircase leading up here.
There are monsters nearby!
Waypoint 2 assigned to D:3.
You shoot an arrow. The arrow hits Sigmund.
Sigmund shouts!
Sigmund is lightly wounded.
Ijyb shouts!
You shoot an arrow. The arrow closely misses Sigmund.
Sigmund casts a spell at you.
You are confused.
1250 ||| STAIRDANCE Sigmund closely misses you.
In your confused state, you trip and fall back down the stairs.
Ijyb hits you with a +0 dagger.
1252 ||| STAIRDANCE Sigmund closely misses you.
Ijyb barely misses you.
You climb upwards.
There is a stone staircase leading down here.
You feel less confused.
Ijyb zaps a wand.
The bolt of acid hits you!
Ouch! That really hurt!
The acid corrodes you!
1255 ||| READING scroll of teleportation.
As you read the scroll of teleportation, it crumbles to dust.
You feel strangely unstable. Ijyb barely misses you.
1256 ||| DRINKING potion of heal wounds.
You feel much better.
Ijyb zaps a wand.
The bolt of acid hits you!
Ouch! That really hurt!
The acid corrodes you!
You shoot an arrow. The arrow barely misses Ijyb.
Ijyb barely misses you.
You shoot an arrow. The arrow closely misses Ijyb.
Ijyb hits you with a +0 dagger.
You die...

#.########.# #.######.#.#
###### #........#.##
#..... ###########....#
#..... #......%....#..#
#.....
#.#########.#..#####.....
#.# ##................
##.######.g)###.#####.....
#<.......@................
##.######.#.###.##########
#.# #.#.# #.# #.# #.#.#
#.# #.# #.#.###.# #.#
#.#.....# #.# #.########
#.# #........# #.#
########.#


You could see Ijyb.

Vanquished Creatures
  2 adders (D:2)
  4 bats
  3 endoplasms (D:1)
  2 giant cockroaches
  5 goblins
  2 hobgoblins (D:2)
  2 quokkas (D:2)
  5 ball pythons
  2 frilled lizards
  6 rats
33 creatures vanquished.

Notes
Turn   | Place    | Note
-------+----------+-------------------------------------------
     0 | D:1      | qw the Deep Elf Hunter began the quest for the Orb.
     0 | D:1      | Reached XP level 1. HP: 12/12 MP: 3/3
     0 | D:1      | 0 ||| qw: Version: 0.3-a-9-g12657ce
     0 | D:1      | 0 ||| qw: Game counter: 3944
     0 | D:1      | 0 ||| qw: Always use a shield: true
     0 | D:1      | 0 ||| qw: God list: Okawaru
     0 | D:1      | 0 ||| qw: Allow faded altars: false
     0 | D:1      | 0 ||| qw: Do Orc after D:15 true
     0 | D:1      | 0 ||| qw: Do second Lair branch before Depths: true
     0 | D:1      | 0 ||| qw: Lair rune preference: random
     0 | D:1      | 0 ||| qw: Plans: Normal
     0 | D:1      | 0 ||| PLANNING D:1-11
   192 | D:1      | Reached skill level 6 in Ranged Weapons
   192 | D:1      | Reached XP level 2. HP: 16/16 MP: 4/4
   587 | D:1      | 587 ||| UPGRADING to +0 ring mail.
   597 | D:1      | 597 ||| DROPPING +0 leather armour.
   598 | D:1      | 598 ||| READING 2 scrolls labelled RELODE NITHAAQO.
   603 | D:1      | 603 ||| READING scroll labelled ESKUITS ZUNE.
   604 | D:1      | 604 ||| READING scroll labelled INNASA INILL.
   605 | D:1      | 605 ||| DROPPING scroll of butterflies.
   732 | D:2      | Reached XP level 3. HP: 16/20 MP: 5/5
   733 | D:2      | 733 ||| FLEEEEING.
   734 | D:2      | 734 ||| FLEEEEING.
   735 | D:2      | 735 ||| FLEEEEING.
   736 | D:2      | 736 ||| FLEEEEING.
   737 | D:2      | 737 ||| FLEEEEING.
   738 | D:2      | 738 ||| FLEEEEING.
   739 | D:2      | 739 ||| FLEEEEING.
   740 | D:2      | 740 ||| FLEEEEING.
   885 | D:2      | Reached skill level 7 in Ranged Weapons
  1217 | D:2      | 1217 ||| READING scroll labelled MAFOEF CUWNI.
  1218 | D:2      | 1218 ||| READING scroll labelled CUTON TUARPHI.
  1219 | D:2      | 1219 ||| DRINKING 2 sedimented yellow potions.
  1247 | D:3      | Noticed Ijyb
  1247 | D:3      | Noticed Sigmund
  1250 | D:3      | 1250 ||| STAIRDANCE
  1252 | D:3      | 1252 ||| STAIRDANCE
  1254 | D:2      | HP: 2/20 [Ijyb/bolt of acid (15)]
  1255 | D:2      | 1255 ||| READING scroll of teleportation.
  1256 | D:2      | 1256 ||| DRINKING potion of heal wounds.
  1258 | D:2      | Slain by Ijyb

Levels and vault maps discovered:
D:1:      amcnicky_arrival_blooded_trapdoor, layout_loops_ring
D:2:      layout_basic
D:3:      layout_loops_cross, dreamdust_ecumenical_altar_statues, uniq_natasha,
          uniq_ijyb, uniq_sigmund, uniq_terence

Skill      XL: |  1  2  3 |
---------------+----------+-----
Ranged Weapons | 6 7 |  7.1
Fighting       | |  1.5
Dodging        | |  2.4
Stealth        | |  1.2

Action                     || total
---------------------------++-------
   Fire: Shortbow          ||    87
    Use: Scroll            ||     6
         Potion            ||     2
 Armour: Leather armour    ||     1
         Ring mail         ||     4
  Dodge: Dodged            ||    15

Table legend:
 A = Non-vault XP
 B = Vault XP
 C = Vault XP percentage of total XP
 D = Non-vault monster count
 E = Vault monster count
 F = Vault count percentage of total count
                 A         B        C        D         E       F
            +---------+---------+-------+---------+---------+-------
      Total |      75 |       0 |   0.0 |      33 |       0 |   0.0
            +---------+---------+-------+---------+---------+-------
        D:1 |      23 |       0 |   0.0 |      15 |       0 |   0.0
        D:2 |      52 |       0 |   0.0 |      18 |       0 |   0.0
            +---------+---------+-------+---------+---------+-------
